← All builds
Geo sea / Armada / Economy first / OBSERVED BUILD

Standard geo sea

Armada Geo sea build order · Supreme Isthmus

The role's baseline: bot lab then shipyard in the cove, early destroyer and submarine to contest the sea, with geothermal powering the economy as the game transitions into a naval/amphibious mix.

Usually shipyard in the cove (89%)

#naval #eco · 1349 distinct matches · 173 players · 78% of Armada Geo sea games · team won 55% of 1504 · Recently observed

HOW TO PLAY IT

Key timing: Shipyard by 3:12

  1. Open 3 mex and wind, then drop Bot Lab by 1:12.
  2. Build Shipyard in the cove to start the naval contest.
  3. Pump submarine then destroyer to contest enemy sea entry.
  4. Add geothermal powerplant to fund the economy transition.
  5. Upgrade to Advanced Metal Extractor as eco scaling finishes.

Phase by phase

TYPICAL OF ITS 1349 GAMES
  1. 1
  2. 2
  3. 3
  4. 4
PLAY THE OPENING

Follow the example game's first 6:00 step by step: what to build now, what comes next, and where it goes. At 1× it keeps pace with your own game.

  1. 1

    Up to the Bot Lab

    Economy
    • Metal Extractor3Mex
    • Wind Turbine3Wind
    Order
    1. Bot LabBot Lab after 3 mex, 3 winddone ~1:12, middle half 1:06–1:18

    Some games also: wind for allies (46%)

    By 0:55 in all: 3 mex · 3 wind

    The example game in this phase · 4 steps
    1. Mex ×3
    2. Wind ×2for Air
    3. Wind ×3
    4. Bot LabBot Labdone 1:18 · typical 1:12
  2. 2

    Bot Lab to Shipyard

    Economy
    • Metal Extractor1Mex
    • Wind Turbine1Wind
    Order
    1. ShipyardShipyard after 4 mex, 4 winddone ~3:11, middle half 2:48–3:37
    Builders
    • Construction Bot3 Con bot
    • Lazarus2 Lazarus

    Some games also: pawn (42%) · con turret (39%) · crossbow (39%)

    By 2:47 in all: 4 mex · 4 wind

    The example game in this phase · 14 steps
    1. LazarusLazarus
    2. Energy storage
    3. Wind ×2
    4. Construction BotCon bot
    5. LazarusLazarus
    6. Construction BotCon bot
    7. LazarusLazarus
    8. Mex
    9. Construction BotCon bot
    10. PawnPawn ×2
    11. Mex
    12. Bot LabEat Bot Labreclaimed for its metal
    13. Radar TowerRadar Tower
    14. ShipyardShipyarddone 3:47 · typical 3:11
  3. 3

    Shipyard to 5:00

    Economy
    • Metal Extractor4Mex
    • Wind Turbine2Wind
    Order
    1. Bot LabEat Bot Lab
    Builders
    • Construction Ship1 Con ship
    Army
    • Dolphin3 Dolphin
    • Skater1 Skater
    Other
    • Radar Tower1 Radar Tower

    Some games also: destroyer (48%) · Sentry (44%) · submarine (44%) · converter (33%) · con turret (32%)

    By 5:00 in all: 8 mex · 7 wind · 1 energy storage · 1 con turret

    The example game in this phase · 13 steps
    1. NettleNettle
    2. Mex
    3. Construction ShipCon ship
    4. Con turret
    5. EelSubmarinenot finished by 15:00 · typical 4:27
    6. NettleNettle
    7. Mex
    8. CorsairDestroyerdone 4:38 · typical 5:39
    9. Mex ×2
    10. SkaterSkater
    11. CorsairDestroyer
    12. Naval Radar / Sonar TowerNaval Radar / Sonar Tower
    13. Mex
  4. 4

    5:00 to 10:00

    Economy
    • Metal Extractor2Mex
    • Wind Turbine12Wind
    • Energy Converter3Converter
    Builders
    • Construction Turret1 Con turret
    • Grim Reaper1 Grim Reaper
    • Construction Ship1 Con ship
    Army
    • Sentry1 Sentry
    • Dolphin4 Dolphin
    • Skater2 Skater
    • Corsair2 Destroyer

    Some games also: Harpoon (42%) · frigate (42%) · geo (41%) · Naval Construction Turret (35%) · submarine (31%)

    By 10:00 in all: 11 mex · 20 wind · 1 geo · 4 converter · 1 energy storage · 2 con turret

    The example game in this phase · 93 steps
    1. Wind
    2. Radar TowerRadar Tower
    3. SentrySentry
    4. CorsairDestroyer
    5. Wind
    6. Geothermal PowerplantGeodone 8:35 · typical 7:52
    7. Mex
    8. Converter
    9. Wind
    10. SentrySentry
    11. HarpoonHarpoon
    12. Converter ×2
    13. Wind
    14. SkaterSkater
    15. Naval Radar / Sonar TowerNaval Radar / Sonar Tower
    16. Wind
    17. Converter
    18. Wind
    19. SentrySentry
    20. CorsairDestroyer
    21. Wind
    22. HarpoonHarpoon
    23. Wind
    24. SentrySentry
    25. Grim ReaperGrim Reaper
    26. Con turret
    27. SentrySentry
    28. SkaterSkater
    29. Advanced Metal ExtractorT2 mexdone 9:20 · typical 9:21
    30. CorsairDestroyer
    31. Wind ×3
    32. SentrySentry
    33. AnemoneAnemone
    34. NettleNettle
    35. Mex
    36. SentrySentry
    37. Wind
    38. Mex
    39. Advanced Metal ExtractorT2 mex
    40. CorsairDestroyer
    41. Radar TowerRadar Tower
    42. Wind ×2
    43. Advanced Metal ExtractorT2 mex
    44. Wind
    45. Grim ReaperGrim Reaper
    46. SkaterSkater
    47. Wind
    48. CorsairDestroyer
    49. Wind
    50. SkaterSkater
    51. Advanced Metal ExtractorT2 mex
    52. CorsairDestroyer
    53. Con turret
    54. Wind
    55. CorsairDestroyer
    56. Wind
    57. CorsairDestroyer
    58. Wind
    59. Con turret
    60. Construction ShipCon ship
    61. Advanced Metal ExtractorT2 mex
    62. Con turret
    63. CorsairDestroyer
    64. Wind
    65. Con turret
    66. Construction ShipCon ship
    67. Naval Radar / Sonar TowerNaval Radar / Sonar Tower
    68. CorsairDestroyer
    69. Wind
    70. Advanced ShipyardAdvanced Shipyarddone 13:14
    71. CorsairDestroyer
    72. Advanced Metal ExtractorT2 mex
    73. Wind
    74. PaladinCruiser ×2done 13:34
    75. Wind
    76. Vehicle PlantVehicle Plantdone 13:54
    77. StoutStout
    78. PaladinCruiser
    79. Wind
    80. StoutStout ×2
    81. DreadnoughtBattleshipnot finished by 15:00
    82. StoutStout
    83. Wind
    84. StoutStout
    85. Advanced Geothermal PowerplantAdvanced Geothermal Powerplantnot finished by 15:00
    86. StoutStout ×2
    87. Wind
    88. StoutStout
    89. BeamerBeamer
    90. StoutStout
    91. BeamerBeamer
    92. StoutStout
    93. Wind

Counts are medians over the build's games: half of them build more, half fewer. The example game is ITz_Sifu's (34 OS, 03/08/2026); pick another.

Team trades

IN AT LEAST 30% OF ITS GAMES

You hand over

  • Wind Turbine2 Wind to Airfirst at 1:41 · in 64% of games

You get

  • Finch1 Finch from Airfirst at 1:53 · in 74% of games
  • Hercules1 Light transport from Airfirst at 2:04 · in 65% of games
  • Advanced Construction Bot1 T2 con bot from Techfirst at 7:43 · in 90% of games

How it plays out

Typical game of this build, running totals by minute

Metal produced

010k20k30k
0:005:0010:0015:00

metal

Enemy metal destroyed

05k10k
0:005:0010:0015:00

metal

Own metal lost

02.5k5k7.5k
0:005:0010:0015:00

metal

1504 games.

Show as table
ByMetal produced: This buildEnemy metal destroyed: This buildOwn metal lost: This build
1:0039500
2:0092800
3:00160000
4:002877040
5:00412619054
6:005518532295
7:007055993623
8:00872116921030
9:001057824611601
10:001280333632247
11:001538344203110
12:001846854653798
13:002177264294605
14:002537875495383
15:002896984516190
WHAT THE NUMBERS SAY

Standard Geo sea play wins slightly less than half the time but builds a strong metal base by 15:00 with moderate losses.

  • + Metal produced reaches 29210 by 15:00, well above Beach sea's early pace.
  • + Corsair (destroyer) makes up 34% of army, a clear naval focus.
  • − Own metal lost climbs to 6339 by 15:00 from sea skirmishes.
  • − Geothermal only completes in 58% of games, an inconsistent power spike.
THE EXAMPLE YOU ARE READING

ITz_Sifu

34.1 OS · 03/08/2026

Open source match ↗

15 received units · includes a constructor
490 metal received · 33671 energy received

Allied construction assistance is unknown. Timings are observations, not a promise of solo reproducibility.

Typical milestones

Bot Lab1:12Middle 50%: 1:06–1:18 · n=1462
Shipyard3:11Middle 50%: 2:48–3:37 · n=1484
Eel4:27Middle 50%: 3:45–5:37 · n=915
Corsair5:39Middle 50%: 4:56–6:38 · n=1384
Geothermal Powerplant7:52Middle 50%: 6:48–9:30 · n=947
Advanced Metal Extractor9:21Middle 50%: 8:39–10:10 · n=1316

Played most by

_X_134games of this buildJesterB66games of this buildOptimusprimenutt61games of this buildhaaven54games of this buildpyrothraxus51games of this build